 Seeded DCSS version 0.24-a0-487-g57318f2 (webtiles) character file.

Game seed: 8661347795329931090

147 TheOrbIsALie the Skirmisher (level 5, -8/41 HPs)
             Began as a Mummy Arcane Marksman on July 10, 2019.
             Mangled by an orc priest
             ... wielding a +0 mace
              (13 damage)
             ... on level 3 of the Dungeon.
             The game lasted 00:06:31 (2548 turns).

TheOrbIsALie the Skirmisher (Mummy Arcane Marksman) Turns: 2548, Time: 00:06:31

Health: -8/41      AC:  8    Str: 19    XL:     5   Next: 7%
Magic:  7/7        EV: 10    Int: 13    God:
Gold:   57         SH:  0    Dex: 12    Spells: 5/6 levels left

rFire    x . .     SeeInvis .   m - +0 flail
rCold    + . .     Gourm    .   (no shield)
rNeg     + + +     Faith    .   j - +0 scale mail
rPois    ∞         Spirit   .   (no helmet)
rElec    .         Reflect  .   (no cloak)
rCorr    .         Harm     .   (no gloves)
MR       .....                  h - +1 pair of boots
Stlth    ..........             (no amulet)
HPRegen  0.13/turn              c - +5 ring of strength
MPRegen  0.10/turn              (no ring)

@: no status effects
A: no food or potions, fire vulnerability, cold resistance 1, negative energy
resistance 3, torment resistance, unbreathing
a: no special abilities


You were on level 3 of the Dungeon.
You were not hungry.

You visited 1 branch of the dungeon, and saw 3 of its levels.

You collected 57 gold pieces.

Inventory:

Hand Weapons
 a - a +0 hunting sling
 f - a +0 whip
 l - a +0 mace
 m - a +0 flail (weapon)
Missiles
 b - 82 stones
 d - 26 sling bullets
 o - 7 datura-tipped darts (quivered)
 s - 5 poisoned darts
Armour
 e - a +0 robe
 g - a +0 ring mail
 h - a +1 pair of boots (worn)
 j - a +0 scale mail (worn)
 n - a +0 cloak
Jewellery
 c - a +5 ring of strength (left hand)
Scrolls
 i - 2 scrolls of identify
 k - a scroll of immolation
 p - 2 scrolls of teleportation {unknown}
 q - a scroll of remove curse
 r - a scroll of fog {unknown}


   Skills:
 * Level 3.3 Fighting
 * Level 2.8 Maces & Flails
 - Level 1.5 Slings
 - Level 1.5 Dodging
 - Level 1.3 Spellcasting
 - Level 2.6 Hexes


You had 5 spell levels left.
You knew the following spells:

 Your Spells              Type           Power        Failure   Level  Hunger
a - Corona                Hex            #......      28%         1    N/A

Your spell library contained the following spells:

 Spells                   Type           Power        Failure   Level  Hunger
 Slow                     Hex            #.......     41%         2    N/A
 Inner Flame              Hex/Fire       #.......     83%         3    N/A
 Portal Projectile        Hex/Tloc       #.....       83%         3    N/A
 Cause Fear               Hex            #.........   96%         4    N/A
 Leda's Liquefaction      Hex/Erth       #.........   99%         4    N/A

Dungeon Overview and Level Annotations

Branches:
Dungeon (3/15)

Altars:
Xom


Innate Abilities, Weirdness & Mutations

You do not eat or drink.
Your flesh is vulnerable to fire.
You are immune to poison.
Your flesh is cold resistant. (rC+)
You are immune to negative energy. (rN+++)
You are immune to unholy pain and torment.
You can survive without breathing.


Message History

Unknown command.
Unknown command.
You closely miss the orc priest. The orc priest hits you with a +0 mace!
The orc priest hits you with a +0 mace.
You hit the orc priest but do no damage.
The orc priest hits you but does no damage.
You barely miss the orc priest. The orc priest hits you with a +0 mace!
* * * LOW HITPOINT WARNING * * *
The orc priest barely misses you.
Your scale mail prevents you from hitting the orc priest.
The orc priest hits you but does no damage.
You barely miss the orc priest. The orc priest hits you with a +0 mace.
* * * LOW HITPOINT WARNING * * *
The orc priest closely misses you.
You sock the orc priest!
The orc priest is severely wounded.
The orc priest hits you with a +0 mace.
* * * LOW HITPOINT WARNING * * *
The orc priest hits you with a +0 mace!
You die...

#.#..##.. ##
#...##..o
#..++.8.o
##..##o..#
##..##...##
##..##K..##
##..##.8.#
##.o##(####.#
##@.)).....#
###########


You could see a neutral orc priest (insane).

Vanquished Creatures
  4 gnolls (D:2)
  3 adders (D:2)
  A worm (D:2)
  A dart slug (D:1)
  4 leopard geckos
  4 orcs (D:3)
  9 bats
  4 giant cockroaches
  4 hobgoblins
  6 jackals
  11 kobolds
  A quokka (D:3)
  2 frilled lizards (D:1)
  8 goblins
  5 rats
67 creatures vanquished.

Vanquished Creatures (collateral kills)
  An orc (D:3)
1 creature vanquished.

Grand Total: 68 creatures vanquished

Notes
Turn   | Place    | Note
-------+----------+-------------------------------------------
     0 | D:1      | TheOrbIsALie the Mummy Arcane Marksman began the quest for
                  | the Orb.
     0 | D:1      | Reached XP level 1. HP: 15/15 MP: 2/2
   294 | D:1      | Reached XP level 2. HP: 22/22 MP: 4/4
   366 | D:1      | Reached skill level 2 in Fighting
   648 | D:1      | Reached skill level 1 in Maces & Flails
   855 | D:1      | Reached XP level 3. HP: 21/27 MP: 5/5
  1554 | D:2      | Reached XP level 4. HP: 30/34 MP: 6/6
  1639 | D:2      | Found a shimmering altar of Xom.
  1898 | D:2      | Reached skill level 3 in Fighting
  2488 | D:3      | Reached XP level 5. HP: 41/41 MP: 7/7
  2548 | D:3      | Mangled by an orc priest

Levels and vault maps discovered:
D:1:      wheals_arrival_linesprint, layout_loops_ring
D:2:      layout_loops_ring, tgw_xom, minmay_misc_feat_cross
D:3:      layout_rooms, grunt_decor_arrowhead, grunt_ministairs_6

Skill      XL: |  1  2  3  4 |
---------------+-------------+-----
Fighting       | 2 3 |  3.3
Maces & Flails | 1 2 |  2.8
Slings         | |  1.5
Dodging        | |  1.5
Spellcasting   | |  1.3
Hexes          | |  2.6

Action                   |  1- 3 |  4- 6 || total
-------------------------+-------+-------++-------
Melee: Whip              |    64 |       ||    64
       Flail             |       |   129 ||   129
 Fire: Hunting sling     |    68 |    11 ||    79
Throw: Dart              |       |     1 ||     1
  Use: Scroll            |       |     3 ||     3
Armor: Ring mail         |    11 |       ||    11
       Scale mail        |    20 |   104 ||   124
Dodge: Dodged            |    55 |    92 ||   147

Table legend:
 A = Non-vault XP
 B = Vault XP
 C = Vault XP percentage of total XP
 D = Non-vault monster count
 E = Vault monster count
 F = Vault count percentage of total count
                 A         B        C        D         E       F
            +---------+---------+-------+---------+---------+-------
      Total |     204 |       6 |   2.9 |      65 |       3 |   4.4
            +---------+---------+-------+---------+---------+-------
        D:1 |      41 |       0 |   0.0 |      23 |       0 |   0.0
        D:2 |     115 |       3 |   2.5 |      18 |       2 |  10.0
        D:3 |      48 |       3 |   5.9 |      24 |       1 |   4.0
            +---------+---------+-------+---------+---------+-------
